 Dungeon Crawl Stone Soup version 0.28.0-1-gb440e238dd (webtiles) character file.

Game seed: 5492568547304838382

333 H0rd4k the Magician (level 6, -1/32 HPs)
             Began as a Deep Elf Hedge Wizard on Feb 22, 2022.
             Slain by a centaur (8 damage)
             ... on level 6 of the Dungeon.
             The game lasted 00:06:51 (5161 turns).

H0rd4k the Magician (Deep Elf Hedge Wizard)         Turns: 5161, Time: 00:06:52

Health: -1/32      AC:  2    Str: 13    XL:     6   Next: 27%
Magic:  9/18       EV: 12    Int: 21    God:
Gold:   278        SH:  0    Dex: 14    Spells: 8/20 levels left

rFire   . . .      SeeInvis .   a - +11 short sword of Objectivity {pain, *Noise rElec Str+6 Stlth+}
rCold   . . .      Faith    .   (no shield)
rNeg    . . .      Spirit   .   b - +0 robe
rPois   .          Reflect  .   c - +0 hat
rElec   +          Harm     .   (no cloak)
rCorr   .          Rampage  .   (no gloves)
Will    .....                   (no boots)
Stlth   +++.......              (no amulet)
HPRegen 0.10/turn               (no ring)
MPRegen 0.16/turn               (no ring)

@: on blink cooldown
A: no striking features
a: no special abilities


You were on level 6 of the Dungeon.
You visited 1 branch of the dungeon, and saw 6 of its levels.

You collected 278 gold pieces.

Inventory:

Hand Weapons
 a - the +11 short sword of Objectivity (weapon) {pain, *Noise rElec Str+6 Stlth+}
   (You found it on level 2 of the Dungeon)

   In the hands of one skilled in necromantic magic, it inflicts extra damage on
   living creatures.
   Str:       It affects your strength (+6).
   rElec:     It insulates you from electricity.
   *Noise:    It may make noises in combat.
   Stlth:     It makes you more stealthy.
 j - a +1 short sword of venom
Armour
 b - a +0 robe (worn)
 c - a +0 hat (worn)
Wands
 p - a wand of digging (5)
Scrolls
 d - 3 scrolls of teleportation {unknown}
 h - a scroll of enchant weapon {unknown}
 i - a scroll of amnesia {unknown}
 k - 2 scrolls of enchant armour {unknown}
 l - a scroll of torment {unknown}
 n - a scroll of vulnerability {unknown}
 q - a scroll of fear {unknown}
Potions
 f - a potion of resistance
 g - a potion of degeneration
 m - a potion of might
 o - a potion of haste
 r - a potion of attraction


   Skills:
 + Level 0.1 Fighting
 + Level 2.8 Dodging
 - Level 2.4 Stealth
 + Level 7.5 Spellcasting
 + Level 2.9 Conjurations
 + Level 1.1 Summonings
 + Level 1.7 Translocations
 - Level 1.2 Fire Magic
 - Level 1.0 Air Magic
 + Level 1.1 Earth Magic
 - Level 1.5 Poison Magic


You had 8 spell levels left.
You knew the following spells:

 Your Spells              Type           Power      Damage    Failure   Level
a - Magic Dart            Conj           80%        1d7       2%          1
b - Blink                 Tloc           30%        N/A       6%          2
c - Conjure Flame         Conj/Fire      16%        6-21      11%         3
d - Mephitic Cloud        Conj/Pois/Air  15%        N/A       12%         3
e - Stone Arrow           Conj/Erth      32%        3d9       11%         3

Your spell library contained the following spells:

 Spells                   Type           Power      Damage    Failure   Level
 Sandblast                Erth           24%        2d8       5%          1
 Call Imp                 Summ           12%        N/A       8%          2
 Slow                     Hex            28%        N/A       9%          1
 Passwall                 Tmut/Erth      8%         N/A       10%         2
 Tukima's Dance           Hex            7%         N/A       26%         3
 Passage of Golubria      Tloc           15%        N/A       38%         4
 Summon Lightning Spire   Summ/Air       12%        N/A       47%         4
 Yara's Violent Unravell  Hex/Tmut       3%         3d4       93%         5
 Storm Form               Tmut/Air       5%         N/A       100%        7
 Maxwell's Capacitive Co  Air            6%         ∞         100%        8


Dungeon Overview and Level Annotations

Branches:
Dungeon (6/15)
 Temple: D:4-7

Altars:
Cheibriados
Sif Muna

Annotations:
D:2 exclusion: downstairs
D:4 exclusion: ice beast
D:5 exclusions: ice beast and sky beast


Message History

Casting: Magic Dart (safe; 2% risk of failure)
Confirm with . or Enter, or press ? or * to list all spells.
Aiming: Magic Dart (safe; 2% risk of failure)
Press: ? - help, Shift-Dir - straight line, f/p - centaur
Aim: a centaur, wielding a +0 shortbow and quivering arrows (lightly wounded, confused, 100% to hit)
The magic dart hits the centaur.
The centaur is lightly wounded.
The centaur looks very confused.
Casting: Magic Dart (safe; 2% risk of failure)
Confirm with . or Enter, or press ? or * to list all spells.
Aiming: Magic Dart (safe; 2% risk of failure)
Press: ? - help, Shift-Dir - straight line, f/p - centaur
Aim: a centaur, wielding a +0 shortbow and quivering arrows (lightly wounded, confused, 100% to hit)
The magic dart hits the centaur.
The centaur is moderately wounded.
Okay, then.
Casting: Magic Dart (safe; 2% risk of failure)
Confirm with . or Enter, or press ? or * to list all spells.
Aiming: Magic Dart (safe; 2% risk of failure)
Press: ? - help, Shift-Dir - straight line, f/p - centaur
Aim: a centaur, wielding a +0 shortbow and quivering arrows (moderately wounded, confused, 100% to hit)
The magic dart hits the centaur.
The centaur is heavily wounded.
The centaur unwields a +0 shortbow.
The centaur wields a +0 spear.
The centaur closely misses you. The centaur barely misses you.
Casting: Magic Dart (safe; 2% risk of failure)
Confirm with . or Enter, or press ? or * to list all spells.
Aiming: Magic Dart (safe; 2% risk of failure)
Press: ? - help, Shift-Dir - straight line, f/p - centaur
Aim: a centaur, wielding a +0 spear and quivering arrows (heavily wounded, confused, 100% to hit)
The magic dart hits the centaur.
The centaur is heavily wounded.
The centaur hits you with a +0 spear!
* * * LOW HITPOINT WARNING * * *
The centaur kicks you but does no damage.
Casting: Magic Dart (safe; 2% risk of failure)
Confirm with . or Enter, or press ? or * to list all spells.
You blink.
The centaur seems less confused.
The centaur barely misses you. x2
The centaur hits you with a +0 spear!
You die...

..........>....
#...#.........#
................#
....#.#.....)...#
................#
..(..##..)......#
................###
......##...........
........##@..#.....
........##c#.......
........##§..##..#
.....#....##.# ..#
....####...#.#...#
#### #.....#..##
##........#
#.).......
#...###'##


You could see a centaur.

Vanquished Creatures
  A scorpion (D:5)
  A howler monkey (D:4)
  Jessica (D:2)
  A bullfrog skeleton (D:5)
  An iguana (D:2)
  Terence (D:3)
  A hound skeleton (D:4)
  5 adders
  An ufetubus (D:5)
  A worm (D:3)
  3 dart slugs
  2 orcs
  11 endoplasms
  A giant cockroach (D:1)
  5 goblins
  5 hobgoblins
  2 quokkas
  5 ball pythons (D:1)
  4 bats
  6 frilled lizards
  5 kobolds
  6 rats
69 creatures vanquished.

Vanquished Creatures (others)
  3 plants (D:1)
3 creatures vanquished.

Grand Total: 72 creatures vanquished

Notes
Turn   | Place    | Note
-------+----------+-------------------------------------------
     0 | D:1      | H0rd4k the Deep Elf Hedge Wizard began the quest for the
                  | Orb.
     0 | D:1      | Reached XP level 1. HP: 10/10 MP: 7/7
   453 | D:1      | Reached skill level 5 in Spellcasting
   466 | D:1      | Reached XP level 2. HP: 15/15 MP: 7/10
  1565 | D:1      | Learned a level 2 spell: Blink
  1579 | D:2      | Reached XP level 3. HP: 19/19 MP: 10/12
  1583 | D:2      | Learned a level 3 spell: Conjure Flame
  1587 | D:2      | Learned a level 3 spell: Mephitic Cloud
  1591 | D:2      | Learned a level 3 spell: Stone Arrow
  1938 | D:2      | Noticed Jessica
  1942 | D:2      | Killed Jessica
  1943 | D:2      | Reached skill level 1 in Poison Magic
  1943 | D:2      | Reached XP level 4. HP: 24/24 MP: 8/13
  2137 | D:2      | Reached skill level 6 in Spellcasting
  2212 | D:2      | Found a faded altar of an unknown god.
  2244 | D:2      | Reached skill level 1 in Air Magic
  2626 | D:2      | Identified the +11 short sword of Objectivity {pain, *Noise
                  | rElec Str+6 Stlth+}
  2824 | D:3      | Noticed Terence
  2832 | D:3      | Reached skill level 1 in Fire Magic
  3150 | D:3      | Reached XP level 5. HP: 28/28 MP: 12/15
  3490 | D:3      | Killed Terence
  3842 | D:4      | Noticed an ice beast
  4113 | D:4      | Found a shimmering blue altar of Sif Muna.
  4128 | D:4      | Reached skill level 1 in Earth Magic
  4417 | D:4      | Found a snail-covered altar of Cheibriados.
  4554 | D:5      | Entered Level 5 of the Dungeon
  4588 | D:5      | Noticed an ice beast
  4631 | D:5      | Reached skill level 7 in Spellcasting
  4631 | D:5      | Reached XP level 6. HP: 32/32 MP: 7/18
  4675 | D:5      | Noticed a sky beast
  5161 | D:6      | Slain by a centaur

Illustrated notes

Levels and vault maps discovered:
D:1:      lightli_molten_gateway, layout_basic, serial_forest,
          infiniplex_forest_lined_3, infiniplex_forest_clump_double,
          infiniplex_forest_corner_1, infiniplex_forest_lined_room_,
          infiniplex_forest_end_double, infiniplex_forest_lined_2,
          infiniplex_forest_clump_diagonal, chequers_serial_rivers_micro_b
D:2:      layout_loops_cross, ebering_ecumenical_altar_box, uniq_jessica
D:3:      layout_rooms, corexii_corridor_pit, kennysheep_cross_bottleneck,
          uniq_terence
D:4:      layout_cave_pools, mainiacjoe_overflow_alcove_1,
          mainiacjoe_overflow_chevrons
D:5:      layout_rooms, kennysheep_little_box, lemuel_temple_firewalk_b
D:6:      layout_rooms, lemuel_doored_altar, dk_yredelemnul_ordeal,
          nicolae_ru_path_of_blood, elyvilon_altar_1, serial_shops, shop

Skill      XL: |  1  2  3  4  5 |
---------------+----------------+-----
Spellcasting   | 5 6 7 |  7.5
Poison Magic   | 1 |  1.5
Air Magic      | 1 |  1.0
Fire Magic     | 1 |  1.2
Conjurations   | 2 |  2.9
Earth Magic    | 1 |  1.1
Fighting       | |  0.1
Dodging        | |  2.8
Stealth        | |  2.4
Summonings     | |  1.1
Translocations | |  1.7

Action                   |  1- 3 |  4- 6 || total
-------------------------+-------+-------++-------
 Cast: Magic Dart        |    73 |   142 ||   215
       Blink             |       |     4 ||     4
       Mephitic Cloud    |       |     5 ||     5
       Conjure Flame     |       |     3 ||     3
  Use: Scroll            |       |     5 ||     5
Armor: Robe              |       |     3 ||     3
Dodge: Dodged            |     4 |    20 ||    24
